 Dungeon Crawl Stone Soup version 0.20-a0-969-g3f209a8 (webtiles) character file.

230 AlphabetPasta the Magician (level 5, -7/24 HPs)
             Began as a Spriggan Conjurer on Apr 8, 2017.
             Killed by divine providence
             ... invoked by an orc priest
              (14 damage)
             ... on level 4 of the Dungeon.
             The game lasted 00:16:21 (3514 turns).

AlphabetPasta the Magician (Spriggan Conjurer)      Turns: 3514, Time: 00:16:22

Health: -7/24      AC:  2    Str:  4    XL:     5   Next: 72%
Magic:  4/13       EV: 18    Int: 18    God:
Gold:   156        SH:  0    Dex: 16    Spells: 4/14 levels left

rFire    . . .     SeeInvis +   d - +0 dagger
rCold    . . .     Gourm    .   (shield restricted)
rNeg     . . .     Faith    .   a - +0 robe
rPois    .         Spirit   .   (helmet restricted)
rElec    .         Reflect  .   (no cloak)
rCorr    .         Harm     .   (gloves unavailable)
MR       .....                  (boots unavailable)
Stlth    ++........             (no amulet)
Regen    0.1/turn               (no ring)
MPRegen  0.2/turn               (no ring)

@: very quick
A: unfitting armour, see invisible, herbivore 3, speed 3, slow metabolism 2
a: no special abilities


You were on level 4 of the Dungeon.
You were not hungry.

You visited 1 branch of the dungeon, and saw 4 of its levels.

You collected 156 gold pieces.

Inventory:

Hand Weapons
 d - a +0 dagger (weapon)
Missiles
 f - 8 tomahawks (quivered)
Armour
 a - a +0 robe (worn)
Jewellery
 n - an uncursed ring of resist corrosion {unknown}
Scrolls
 j - 2 scrolls of identify
 k - a scroll of fear {unknown}
 o - a scroll of enchant weapon {unknown}
Potions
 e - a potion of magic
 g - a potion of lignification {unknown}
 h - 3 potions of invisibility {unknown}
 i - a potion of degeneration {unknown}
 l - 2 potions of mutation {unknown}
 m - a potion of heal wounds {unknown}
 p - a potion of curing {unknown}
Books
 b - a book of Conjurations

   Spells                             Type                      Level
   a - Magic Dart                     Conjuration                  1
   b - Searing Ray                    Conjuration                  2
   c - Dazzling Spray                 Conjuration/Hexes            3
   d - Fulminant Prism                Conjuration/Hexes            4
   e - Force Lance                    Conjuration/Translocation    4
   f - Iskenderun's Mystic Blast      Conjuration                  4
Comestibles
 c - 3 bread rations


   Skills:
 - Level 3.0 Dodging
 - Level 3.0 Stealth
 + Level 5.0 Spellcasting
 * Level 4.5 Conjurations


You had 4 spell levels left.
You knew the following spells:

 Your Spells              Type           Power        Failure   Level  Hunger
a - Magic Dart            Conj           ###.         1%          1    None
b - Searing Ray           Conj           ###...       3%          2    #......
c - Dazzling Spray        Conj/Hex       ##....       17%         3    ##.....
d - Iskenderun's Mystic   Conj           ###.....     24%         4    ####...


Dungeon Overview and Level Annotations

Branches:
Dungeon (4/15)             Temple (0/1) D:4

Altars:
Ashenzari
Gozag
Okawaru
Sif Muna
Uskayaw
Wu Jian
Yredelemnul


Innate Abilities, Weirdness & Mutations

You are very small and have problems with some larger weapons.
You are too small for most types of armour.
You have supernaturally acute eyesight. (SInv)
You are a herbivore.
You cover ground extremely quickly.
You need consume almost no food.


Message History

Aim: an iguana (moderately wounded)
Okay, then.
Casting: Searing Ray
Confirm with . or Enter, or press ? or * to list all spells.
Aiming: Searing Ray
Press: ? - help, Shift-Dir - straight line, f/p - iguana
Aim: an iguana (moderately wounded)
The searing ray hits the iguana.
The iguana is moderately wounded. (Press . to maintain the ray.)
The orc priest calls down the wrath of Beogh upon you.
Beogh smites you!
Ouch! That really hurt!
* * * LOW HITPOINT WARNING * * *
The searing ray hits the iguana.
The iguana is heavily wounded.
The orc priest calls down the wrath of Beogh upon you.
Beogh smites you!
Ouch! That really hurt!
You die...

#.## #.# ##.# . #..#
.< #.## (.. ## #.#
.>.. ..# #.# ##.....
#..##.#
##############>.....=
#.#..#
#....@l.>.o....#
#...#####
#.############..o.#
####.....# #.# .##)#
......##.# #.# #l ≈≈
####..##.###.####.#
h≈ [
........)[...)....#
≈≈≈
###..#.......######
§≈> #(####+####.....
≈≈≈≈ #. #..###


You could see an iguana and an orc priest.

Vanquished Creatures
  An orc wizard (D:3)
  A worker ant (D:3)
  3 gnolls (D:3)
  3 adders
  3 oozes (D:1)
  An adder skeleton (D:4)
  A worm (D:1)
  4 dart slugs
  13 orcs
  A ball python (D:1)
  9 bats
  A giant cockroach (D:3)
  7 goblins
  10 hobgoblins
  3 jackals
  7 kobolds
  3 frilled lizards
  9 rats
  A spectral orc (D:3)
81 creatures vanquished.

Notes
Turn   | Place    | Note
-------+----------+-------------------------------------------
     0 | D:1      | AlphabetPasta the Spriggan Conjurer began the quest for the Orb.
     0 | D:1      | Reached XP level 1. HP: 9/9 MP: 5/5
    78 | D:1      | Reached XP level 2. HP: 13/13 MP: 0/6
    82 | D:1      | Learned a level 2 spell: Searing Ray
   251 | D:1      | Reached skill level 3 in Spellcasting
   665 | D:1      | Reached XP level 3. HP: 16/16 MP: 2/8
  1301 | D:2      | Learned a level 3 spell: Dazzling Spray
  1350 | D:2      | Reached XP level 4. HP: 21/21 MP: 7/10
  1358 | D:2      | Learned a level 4 spell: Iskenderun's Mystic Blast
  1699 | D:2      | Found an opulent altar of Gozag.
  1931 | D:3      | Reached skill level 4 in Spellcasting
  2408 | D:3      | Reached XP level 5. HP: 16/24 MP: 0/12
  2618 | D:3      | Found a basalt altar of Yredelemnul.
  2757 | D:3      | Noticed a dagger
  2759 | D:3      | Noticed a hand axe
  2760 | D:3      | Found a hide-covered altar of Uskayaw.
  2926 | D:3      | Found an ornate altar of the Wu Jian Council.
  2926 | D:3      | Found a deep blue altar of Sif Muna.
  2927 | D:3      | Found a shattered altar of Ashenzari.
  2972 | D:3      | Found an iron altar of Okawaru.
  3341 | D:3      | Learned a level 4 spell: Iskenderun's Mystic Blast
  3494 | D:4      | Found a staircase to the Ecumenical Temple.
  3498 | D:4      | Reached skill level 5 in Spellcasting
  3514 | D:4      | Killed from afar by an orc priest

Vault maps used:
D:1:      erik_arrival_gehennom
D:2:      grunt_gozag_breadcrumbs
D:3:      yredelemnul_forgotten_temple_becter, dancing_weapons_uskayaw,
          nicolae_overflow_quartered_altars, portal_sewer_entry_e
D:4:      minmay_temple_entry_mist, kennysheep_generic_room_11

Skill      XL: |  1  2  3  4  5 |
---------------+----------------+-----
Conjurations   | 3 4 |  4.5
Spellcasting   | 3 4 5 |  5.0
Dodging        | |  3.0
Stealth        | |  3.0

Action                   |  1- 3 |  4- 6 || total
-------------------------+-------+-------++-------
Melee: Dagger            |    11 |     8 ||    19
 Cast: Magic Dart        |    65 |   112 ||   177
       Searing Ray       |     3 |     7 ||    10
  Use: Scroll            |     3 |     2 ||     5
Armor: Robe              |     3 |     1 ||     4
Dodge: Dodged            |    20 |    16 ||    36
